 Dungeon Crawl Stone Soup version 0.24.1-8-ga250c9d538 (webtiles) character file.

Game seed: 15972764124646520666, levelgen mode: deterministic

72 Peloso the Skirmisher (level 4, -6/35 HPs)
             Began as a Demonspawn Fighter on May 1, 2020.
             Mangled by an orc warrior
             ... wielding a +0 hand axe
              (13 damage)
             ... on level 3 of the Dungeon.
             The game lasted 00:03:58 (1790 turns).

Peloso the Skirmisher (Demonspawn Fighter)          Turns: 1790, Time: 00:03:59

Health: -6/35      AC: 16    Str: 22    XL:     4   Next: 7%
Magic:  4/4        EV:  5    Int:  9    God:
Gold:   118        SH:  9    Dex: 13    Spells: 3/3 levels left

rFire    + . .     SeeInvis .   a - +1 long sword
rCold    + . .     Gourm    .   c - +0 shield
rNeg     . . .     Faith    .   r - +0 chain mail
rPois    .         Spirit   .   (no helmet)
rElec    .         Reflect  .   k - scarf {rC+ rF+}
rCorr    .         Harm     .   (no gloves)
MR       .....                  o - +0 pair of boots
Stlth    ..........             (no amulet)
HPRegen  0.11/turn              j - ring of stealth
MPRegen  0.09/turn              (no ring)

@: mighty, sanguine armour
A: talons 2, sanguine armour 1
a: no special abilities


You were on level 3 of the Dungeon.
You were hungry.

You visited 1 branch of the dungeon, and saw 3 of its levels.

You collected 118 gold pieces.

Inventory:

Hand Weapons
 a - a +1 long sword (weapon)
Armour
 b - a +0 scale mail
 c - a +0 shield (worn)
 k - a scarf of resistance (worn)
 o - a +0 pair of boots (worn)
 r - a +0 chain mail (worn)
Jewellery
 j - a ring of stealth (left hand)
Scrolls
 m - 3 scrolls of identify
Potions
 g - a potion of mutation
 q - a potion of agility {unknown}
Comestibles
 f - 7 rations
 s - 2 chunks of flesh


   Skills:
 + Level 3.2 Fighting
 + Level 2.8 Long Blades
 + Level 3.0 Armour
 + Level 0.3 Dodging
 + Level 3.2 Shields


You had 3 spell levels left.
You didn't know any spells.
Your spell library was empty.

Dungeon Overview and Level Annotations

Branches:
Dungeon (3/15)

Altars:
Ashenzari
Fedhas
Kikubaaqudgha
Sif Muna
Trog
Yredelemnul
Zin
The Shining One


Innate Abilities, Weirdness & Mutations

You have razor-sharp toenails.
When seriously injured, your bleeding wounds create armour. (AC +6)


Message History

The weapon returns to the orc!
You closely miss the orc warrior.
The orc warrior is moderately wounded.
The orc throws a boomerang.
The boomerang hits you but does no damage.
The weapon returns to the orc!
The orc warrior hits you with a +0 hand axe!
* * * LOW HITPOINT WARNING * * *
The orc throws a boomerang.
The boomerang hits you but does no damage.
The weapon returns to the orc!
You hit the orc warrior.
The orc warrior is heavily wounded.
You hear the rusting of a very distant drain.
The orc warrior hits you but does no damage.
The orc throws a boomerang.
The boomerang hits you but does no damage.
The weapon returns to the orc!
The orc warrior hits you with a +0 hand axe!
You die...

###### #####
#....#+#...[#
#....#_#....#
####....###....#
..............#
#######.........##
#######.........@.......
........)........o.o....
......#))...............
......#.................
......#.................
......#.........##..####
......#.........# #.#
#######.........# .#
###+#######


You could see an orc warrior and an orc.

Vanquished Creatures
  4 adders
  4 orcs (D:3)
  A ball python (D:1)
  A giant cockroach (D:2)
  5 hobgoblins
  3 jackals (D:3)
  4 kobolds
  2 bats
  4 goblins
  4 rats
32 creatures vanquished.

Notes
Turn   | Place    | Note
-------+----------+-------------------------------------------
     0 | D:1      | Peloso the Demonspawn Fighter began the quest for the Orb.
     0 | D:1      | Reached XP level 1. HP: 18/18 MP: 1/1
   455 | D:1      | Gained mutation: When seriously injured, your bleeding
                  | wounds create armour. (AC +6) [demonic ancestry]
   455 | D:1      | Reached XP level 2. HP: 20/24 MP: 2/2
   940 | D:2      | Found a basalt altar of Yredelemnul.
  1440 | D:2      | Gained mutation: You have sharp toenails. [demonic
                  | ancestry]
  1440 | D:2      | Reached XP level 3. HP: 29/29 MP: 3/3
  1576 | D:3      | Found a blossoming altar of Fedhas.
  1577 | D:3      | Found a glowing golden altar of the Shining One.
  1577 | D:3      | Found a glowing silver altar of Zin.
  1596 | D:3      | Found an ancient bone altar of Kikubaaqudgha.
  1596 | D:3      | Found a shimmering blue altar of Sif Muna.
  1597 | D:3      | Found a bloodstained altar of Trog.
  1753 | D:3      | Noticed an orc warrior
  1763 | D:3      | Gained mutation: You have razor-sharp toenails. [demonic
                  | ancestry]
  1763 | D:3      | Reached XP level 4. HP: 18/35 MP: 4/4
  1777 | D:3      | Found a shattered altar of Ashenzari.
  1790 | D:3      | Mangled by an orc warrior

Levels and vault maps discovered:
D:1:      dpeg_arrival_castle, layout_loops_ring
D:2:      layout_basic, yredelemnul_altar_generic
D:3:      layout_basic, overflow_temple_1_default,
          ashenzari_conservatory_becter, grunt_temple_overflow_open,
          portal_sewer_entry_e

Skill      XL: |  1  2 |
---------------+-------+-----
Long Blades    | 2 |  2.8
Armour         | 3 |  3.0
Shields        | 3 |  3.2
Fighting       | |  3.2
Dodging        | |  0.3

Action                   |  1- 3 |  4- 6 || total
-------------------------+-------+-------++-------
Melee: Long sword        |    96 |    11 ||   107
  Use: Potion            |     3 |     1 ||     4
       Scroll            |     7 |       ||     7
  Eat: Chunk             |     2 |       ||     2
Armor: Scale mail        |    34 |       ||    34
       Chain mail        |    26 |    13 ||    39
Dodge: Dodged            |    32 |     2 ||    34
Block: Shield            |    69 |    10 ||    79
       Rpst.: Long sword |    13 |       ||    13
